 Dungeon Crawl Stone Soup version 0.19.1 (webtiles) character file.

550 ChaseSP the Chopper (level 7, -2/52 HPs)
             Began as a Formicid Fighter on Dec 3, 2016.
             Slain by Blork the orc
             ... wielding a +0 short sword
              (6 damage)
             ... on level 4 of the Dungeon.
             The game lasted 00:07:23 (3449 turns).

ChaseSP the Chopper (Formicid Fighter)              Turns: 3449, Time: 00:07:24

Health: -2/52      AC:  8    Str: 21    XL:     7   Next: 54%
Magic:  7/7        EV:  8    Int:  8    God:
Gold:   256        SH: 10    Dex: 11    Spells: 0 memorised, 6 levels left

rFire  . . .     SeeInvis +     a - +0 war axe
rCold  . . .     Gourm    .     b - +0 scale mail
rNeg   . . .     Faith    .     c - +0 shield
rPois  .         Spirit   .     (helmet unavailable)
rElec  .         Reflect  .     (no cloak)
rCorr  .         Harm     .     m - +0 pair of gloves
MR     .....                    (no boots)
Stlth  ..........               (no amulet)
                                (no ring)
                                (no ring)

@: very slightly contaminated, invisible
A: permanent stasis, dig shafts and tunnels, four strong arms, antennae 3
a: Dig, Shaft Self


You were on level 4 of the Dungeon.
You were not hungry.

You visited 1 branch of the dungeon, and saw 4 of its levels.

You collected 256 gold pieces.

Inventory:

Hand Weapons
 a - a +0 war axe (weapon)
 g - a +0 flail
 x - a +0 morningstar
Missiles
 h - 18 bolts
Armour
 b - a +0 scale mail (worn)
 c - a +0 shield (worn)
 m - a +0 pair of gloves (worn)
Wands
 d - a wand of digging (12/24)
 p - a wand of disintegration (16/24)
Scrolls
 e - a scroll of blinking {unknown}
 j - 2 scrolls of teleportation
 k - 8 scrolls of identify
 l - 2 scrolls of remove curse {unknown}
 o - a scroll of random uselessness {unknown}
 t - a scroll of amnesia {unknown}
 u - a scroll of enchant armour {unknown}
 y - a scroll of magic mapping {unknown}
Potions
 n - 2 potions of agility
 r - a potion of flight {unknown}
 v - a potion of ambrosia {unknown}
 w - a potion of curing {unknown}
Comestibles
 f - 5 bread rations
 i - 4 meat rations
 q - 4 fruits
 z - 4 chunks of flesh


   Skills:
 - Level 3.2 Fighting
 * Level 6.4 Axes
 - Level 3.2 Armour
 + Level 6.3 Shields


You had 6 spell levels left.
You didn't know any spells.

Dungeon Overview and Level Annotations

Branches:
Dungeon (4/15)
 Temple: D:4-7

Altars:
Elyvilon

Annotations:
D:4 Blork the orc


Innate Abilities, Weirdness & Mutations

You are under a permanent stasis effect.
You can dig through walls and to a lower floor.
Your four strong arms can wield two-handed weapons with a shield.
You have a pair of large antennae on your head. (SInv)


Message History

You kill the ogre!
You block Blork the orc's attack.
You closely miss Blork the orc. You block Blork the orc's attack.
Blork the orc hits you with a short sword.
* * * LOW HITPOINT WARNING * * *
You closely miss Blork the orc. You block Blork the orc's attack. x2
Unknown command.
It was a potion of invisibility.
You fade into invisibility!
Blork the orc closely misses you.
You are very lightly contaminated with residual magic.
You barely miss Blork the orc.
Blork the orc hits you with a short sword.
* * * LOW HITPOINT WARNING * * *
Blork the orc looks angry.
You block Blork the orc's attack.
You slash Blork the orc!
Blork the orc is heavily wounded.
Blork the orc hits you with a short sword.
You die...

....#..##'##).#)##..#'#####P.#
....#...#).#..#..####..#..#..#
...>#...#..####..').#.†'..#..##
..#.##..####..####).####..#...#
.o#. #...o.......####..#)##...#
. #. #........................#
. #. ###########.############.#
##o# #..# #@## #.## #### #.#
...###########.#
...............#
........######## ........#
........# ........# ........#


You could see Blork the orc.

Vanquished Creatures
  Grinder (D:3)
  An ogre (D:4)
  A hound (D:4)
  An iguana (D:4)
  Terence (D:3)
  Robin (D:2)
  4 gnolls (D:4)
  2 adders
  An ooze (D:3)
  3 dart slugs
  A leopard gecko (D:3)
  7 orcs (D:4)
  4 bats
  4 giant cockroaches
  22 goblins
  15 hobgoblins
  4 jackals (D:1)
  14 kobolds
  A quokka (D:3)
  3 ball pythons
  6 frilled lizards
  6 rats
103 creatures vanquished.

Notes
Turn   | Place    | Note
-------+----------+-------------------------------------------
     0 | D:1      | ChaseSP the Formicid Fighter began the quest for the Orb.
     0 | D:1      | Reached XP level 1. HP: 18/18 MP: 1/1
     2 | D:1      | Noticed a troll
     2 | D:1      | Noticed a formicid
     4 | D:1      | Noticed a halfling
     6 | D:1      | Noticed a gargoyle
     6 | D:1      | Noticed a minotaur
     8 | D:1      | Noticed a vine stalker
    10 | D:1      | Noticed a vampire
    10 | D:1      | Noticed an ogre
    12 | D:1      | Noticed a demigod
    12 | D:1      | Noticed a spriggan
    14 | D:1      | Noticed an octopode
    14 | D:1      | Noticed a human
    16 | D:1      | Noticed a demonspawn
    16 | D:1      | Noticed a centaur
    18 | D:1      | Noticed a tengu
    18 | D:1      | Noticed a ghoul
    20 | D:1      | Noticed a dwarf
    20 | D:1      | Noticed a draconian
    22 | D:1      | Noticed an elf
    24 | D:1      | Noticed a merfolk
    27 | D:1      | Noticed a felid
    27 | D:1      | Noticed a naga
   106 | D:1      | Reached XP level 2. HP: 18/24 MP: 2/2
   485 | D:1      | Reached XP level 3. HP: 29/29 MP: 3/3
  1158 | D:2      | Reached XP level 4. HP: 28/35 MP: 4/4
  1665 | D:2      | Noticed Robin
  1680 | D:2      | Killed Robin
  2104 | D:3      | Noticed Grinder
  2125 | D:3      | HP: 1/35 [Grinder/nerve-wracking pain (3)]
  2126 | D:3      | Killed Grinder
  2126 | D:3      | Reached skill level 5 in Axes
  2126 | D:3      | Reached skill level 5 in Shields
  2126 | D:3      | Reached XP level 5. HP: 1/41 MP: 5/5
  2126 | D:3      | Reached XP level 6. HP: 1/47 MP: 6/6
  2460 | D:3      | Found a white marble altar of Elyvilon.
  2569 | D:3      | Noticed Terence
  2582 | D:3      | Killed Terence
  2946 | D:4      | Reached XP level 7. HP: 40/52 MP: 7/7
  3416 | D:4      | Noticed Blork the orc
  3449 | D:4      | Slain by Blork the orc

Skill      XL: |  1  2  3  4  5  6  7 |
---------------+----------------------+-----
Axes           | 3 5 6 |  6.4
Shields        | 4 5 6 |  6.3
Fighting       | |  3.2
Armour         | |  3.2

Action                   |  1- 3 |  4- 6 |  7- 9 || total
-------------------------+-------+-------+-------++-------
Melee: War axe           |   109 |   124 |   105 ||   338
 Abil: Dig               |       |     3 |     2 ||     5
  Use: Potion            |       |     2 |     1 ||     3
       Scroll            |       |     2 |       ||     2
  Eat: Chunk             |     1 |     6 |     2 ||     9
Armor: Scale mail        |    49 |    54 |    25 ||   128
Dodge: Dodged            |    32 |    36 |    26 ||    94
Block: Shield            |    68 |    47 |    47 ||   162
